 Dungeon Crawl Stone Soup version 0.28-a0-503-g83f2989fac (webtiles) character file.

Game seed: 18267329751053471271

2160 Maize the Cleaver (level 9, -40/78 HPs)
             Began as a Minotaur Berserker on Sept 21, 2021.
             Was an Elder of Trog.
             Annihilated by a boulder beetle (44 damage)
             ... on level 6 of the Dungeon.
             The game lasted 00:12:29 (5514 turns).

Maize the Cleaver (Minotaur Berserker)              Turns: 5514, Time: 00:12:29

Health: -40/78     AC: 17    Str: 31    XL:     9   Next: 10%
Magic:  8/8        EV: 11    Int:  4    God:    Trog [****..]
Gold:   307        SH:  0    Dex: 10    Spells: 8/8 levels left

rFire   . . .      SeeInvis .   E - +0 broad axe
rCold   . . .      Faith    .   (no shield)
rNeg    . . .      Spirit   .   D - +0 chain mail
rPois   .          Reflect  .   (helmet restricted)
rElec   .          Harm     .   J - scarf {repulsion}
rCorr   .          Rampage  .   s - +0 pair of gloves
Will    .....                   q - +0 pair of boots
Stlth   ..........              (no amulet)
HPRegen 0.23/turn               t - +4 ring of protection
MPRegen 0.11/turn               b - +6 ring of strength

@: on berserk cooldown, slowed, repel missiles, very slow
A: horns 2, retaliatory headbutt
a: Renounce Religion, Berserk, Trog's Hand, Brothers in Arms


You were on level 6 of the Dungeon.
You worshipped Trog.
Trog was greatly pleased with you.
You visited 1 branch of the dungeon, and saw 6 of its levels.
You also visited: Sewer.

You collected 307 gold pieces.

Inventory:

Hand Weapons
 w - a +2 vampiric hand axe
 E - a +0 broad axe (weapon)
Armour
 q - a +0 pair of boots (worn)
 s - a +0 pair of gloves (worn)
 D - a +0 chain mail (worn)
 J - a scarf of repulsion (worn)
Jewellery
 b - a +6 ring of strength (right hand)
 d - an amulet of reflection
 l - a ring of flight
 t - a +4 ring of protection (left hand)
 F - an amulet of magic regeneration
 I - a ring of protection from cold
Wands
 o - a wand of flame (47)
 u - a wand of polymorph (6)
Scrolls
 a - a scroll of fear {unknown}
 c - 2 scrolls of enchant weapon {unknown}
 h - a scroll of enchant armour {unknown}
 i - 2 scrolls of brand weapon {unknown}
 j - 2 scrolls of noise {unknown}
 m - 5 scrolls of identify {unknown}
 v - a scroll of blinking {unknown}
 y - a scroll of fog {unknown}
 B - a scroll of silence {unknown}
 G - 2 scrolls of teleportation {unknown}
Potions
 e - a potion of flight {unknown}
 f - 4 potions of might {unknown}
 g - 6 potions of curing {unknown}
 k - 2 potions of brilliance {unknown}
 n - 3 potions of heal wounds {unknown}
 p - a potion of berserk rage {unknown}
 r - a potion of ambrosia {unknown}
 x - a potion of cancellation {unknown}
 z - a potion of magic {unknown}
 A - a potion of mutation {unknown}
 C - a potion of haste {unknown}
 H - a potion of degeneration {unknown}


   Skills:
 + Level 6.8 Fighting
 * Level 9.2 Axes
 * Level 8.7 Armour
 + Level 5.7 Dodging


You had 8 spell levels left.
You didn't know any spells.
Your spell library was empty.

Dungeon Overview and Level Annotations

Branches:
Dungeon (6/15)              Sewer (visited)
 Temple: D:4-7

Altars:
Ru

Shops:
D:1 (


Innate Abilities, Weirdness & Mutations

You have a pair of horns on your head.
You reflexively headbutt those who attack you in melee.


Message History

The boulder beetle stops rolling and uncurls.
You hear a bark!
A red film seems to cover your vision as you go berserk!
You feel yourself moving faster!
You feel mighty!
The boulder beetle leaps!
Found a stone staircase leading down.
You feel a strong urge to attack something.
The boulder beetle curls into a ball and begins rolling!
A hound comes into view.
The hound barks!
You feel your anger nearly subside. The hound closely misses you.
You slice the hound!!
You kill the hound!
Trog accepts your kill.
Okay, then.
Found a scroll labelled SOHAHUMIPA.
You feel a strong urge to attack something.
You are no longer berserk.
You are exhausted.
You feel yourself slow down.
You fail to use your ability.
The boulder beetle hits you but does no damage.
The boulder beetle stops rolling and uncurls.
You slash the boulder beetle!
The boulder beetle is almost dead.
The boulder beetle bites you.
* * * LOW HITPOINT WARNING * * *
The boulder beetle bites you!
* * * LOW HITPOINT WARNING * * *
The boulder beetle bites you but does no damage.
The boulder beetle closely misses you.
The boulder beetle bites you but does no damage.
You see here a +0 robe.
The boulder beetle curls into a ball and begins rolling!
The boulder beetle barely misses you.
The boulder beetle stops rolling and uncurls.
The boulder beetle curls into a ball and begins rolling!
The boulder beetle hits you!!!
Ouch! That really hurt!
You die...

######### ##
#....##.# ### #.#
#....##.####.###.###
#.>......:..........
#............>......
#....°..##○......##
###.##°†##.......#
#@##°.##...B°..###
#.B○..##..........
#.###.##......####
.... #.#......## #
#?.... #.#....... #
#...............## #
#.....# .#......# #
#.....# .#......# #
#.... ......... #


You could see a boulder beetle (rolling).

Vanquished Creatures
  The ghost of TimeIsEndless the Skirmisher, an amateur OgWr (D:3)
  A water moccasin (D:6)
  A black bear (D:5)
  An ice beast (D:6)
  An ogre (D:3)
  A necrophage (D:4)
  5 kobold brigands (Sewer)
  The ghost of Kavrick the Magician, an amateur DEWz (D:6)
  A bullfrog (D:6)
  3 scorpions
  2 electric eels (D:5)
  A centaur skeleton (D:6)
  A gnoll shaman (D:5)
  2 orc priests
  5 hounds
  Jessica (D:3)
  3 iguanas
  5 orc wizards
  A centaur simulacrum (D:6)
  A hound skeleton (D:5)
  2 howler monkey skeletons
  A howler monkey zombie (D:6)
  4 gnolls
  5 adders
  4 river rats (D:4)
  A white imp (D:5)
  An ufetubus (D:5)
  An adder skeleton (D:4)
  3 worms (D:4)
  2 dart slugs
  20 orcs
  4 ball pythons
  13 bats
  3 endoplasms
  4 giant cockroaches
  4 goblins
  9 hobgoblins
  3 jackals (D:3)
  2 quokkas
  2 frilled lizards
  17 kobolds
  11 rats
154 creatures vanquished.

Vanquished Creatures (others)
  A fungus (Sewer)
  4 plants
5 creatures vanquished.

Grand Total: 159 creatures vanquished

Notes
Turn   | Place    | Note
-------+----------+-------------------------------------------
     0 | D:1      | Maize the Minotaur Berserker began the quest for the Orb.
     0 | D:1      | Reached XP level 1. HP: 19/19 MP: 0/0
   471 | D:1      | Found Rutwil's Weapon Boutique.
   743 | D:1      | Reached XP level 2. HP: 23/27 MP: 1/1
   972 | D:2      | Reached skill level 4 in Axes
  1225 | D:2      | Reached XP level 3. HP: 32/33 MP: 2/2
  1562 | D:2      | Reached ** piety under Trog
  1999 | D:3      | Found a faded altar of an unknown god.
  2065 | D:3      | Noticed Jessica
  2070 | D:3      | Killed Jessica
  2071 | D:3      | Reached XP level 4. HP: 38/40 MP: 3/3
  2495 | D:3      | Noticed a scorpion
  2503 | D:3      | Killed a scorpion
  2504 | D:3      | Reached skill level 5 in Axes
  2504 | D:3      | Reached XP level 5. HP: 16/47 MP: 4/4
  2849 | D:3      | Identified the +7 dire flail of Hatred {freeze, Fragile
                  | rN++ Dex+5}
  2849 | D:3      | Noticed an ogre
  2849 | D:3      | Noticed TimeIsEndless's ghost (amateur OgWr)
  2854 | D:3      | Found a transporter.
  2855 | D:3      | Found a transporter.
  2880 | D:3      | Killed an ogre
  2887 | D:3      | Killed TimeIsEndless's ghost
  2888 | D:3      | Reached skill level 6 in Axes
  2888 | D:3      | Reached skill level 5 in Armour
  2888 | D:3      | Reached XP level 6. HP: 55/55 MP: 5/5
  3183 | D:4      | Reached skill level 5 in Fighting
  3211 | D:4      | Reached XP level 7. HP: 55/61 MP: 6/6
  3491 | D:4      | Reached *** piety under Trog
  3512 | D:4      | Found a glowing drain.
  3521 | Sewer    | Entered a sewer
  3560 | Sewer    | Reached skill level 7 in Axes
  3747 | Sewer    | Reached XP level 8. HP: 57/70 MP: 7/7
  4098 | D:5      | Entered Level 5 of the Dungeon
  4100 | D:5      | Reached **** piety under Trog
  4232 | D:5      | Found a transporter.
  4238 | D:5      | Reached skill level 8 in Axes
  4240 | D:5      | Reached skill level 5 in Dodging
  4429 | D:5      | Found a transporter.
  4463 | D:5      | Found a sacrificial altar of Ru.
  5288 | D:6      | Found a runed translucent gate.
  5288 | D:6      | Found a runed translucent gate.
  5288 | D:6      | Found a runed translucent gate.
  5294 | D:6      | Noticed Kavrick's ghost (amateur DEWz)
  5303 | D:6      | Killed Kavrick's ghost
  5376 | D:6      | Reached skill level 9 in Axes
  5391 | D:6      | Reached XP level 9. HP: 77/78 MP: 8/8
  5468 | D:6      | Noticed a boulder beetle
  5503 | D:6      | HP: 1/78 [boulder beetle (10)]
  5514 | D:6      | Annihilated by a boulder beetle

Illustrated notes

Levels and vault maps discovered:
D:1:      heliophobic_arrival_dark_side_of_the_moon, layout_loops_ring,
          serial_shops, shop_fountains, grunt_decor_mini_mirrors
D:2:      layout_basic
D:3:      layout_rooms, hellmonk_ecumenical_altar_crossroads,
          gammafunk_ghost_smash, amcnicky_mini_pool_small,
          small_statue_intersection, kennysheep_path_1,
          chequers_serial_rivers_micro_b, chequers_serial_rivers_small_a,
          minmay_crystal_water, uniq_jessica
D:4:      kennysheep_spiral_hall, layout_gridville, lightli_sewer_entry_pipes,
          st_stairs_4
D:5:      gammafunk_steamed_eel, layout_loops_ring, overflow_temple_1_default
D:6:      layout_basic, gammafunk_ghost_necromancy

Skill      XL: |  1  2  3  4  5  6  7  8 |
---------------+-------------------------+-----
Axes           | 4 5 6 7 9 |  9.2
Armour         | 3 4 5 6 8 |  8.7
Fighting       | 4 5 6 |  6.8
Dodging        | 3 4 5 |  5.7

Action                   |  1- 3 |  4- 6 |  7- 9 || total
-------------------------+-------+-------+-------++-------
Melee: Hand axe          |    76 |    51 |   149 ||   276
       Headbutt          |     2 |    13 |    38 ||    53
       Broad axe         |       |       |    60 ||    60
Invok: Berserk           |       |     2 |     7 ||     9
Armor: Leather armour    |    23 |    13 |    36 ||    72
       Chain mail        |       |       |    62 ||    62
Dodge: Dodged            |    55 |    33 |    94 ||   182

Table legend: (Time is in decaauts)
 A = Elapsed time spent in this place.
 B = Non-inter-level travel time spent in this place.
 C = Inter-level travel time spent in this place.
 D = Time resting spent in this place.
 E = Time spent auto-exploring this place.
 F = Levels seen in this place.
 G = Mean time per level.
                   A        B        C        D        E       F      G
               +--------+--------+--------+--------+--------+-----+--------+
         Total |   5650 |   5370 |    280 |    515 |   3374 |   7 |  807.1 |
       Dungeon |   5339 |   5059 |    280 |    467 |   3374 |   6 |  889.8 |
         Sewer |    311 |    311 |      0 |     48 |      0 |   1 |  311.0 |
               +--------+--------+--------+--------+--------+-----+--------+

Top non-repeatable levels by time:
     D:3: 1183 daAuts
     D:2: 977 daAuts
     D:1: 966 daAuts
     D:5: 941 daAuts
     D:4: 769 daAuts
     D:6: 501 daAuts
   Sewer: 311 daAuts
